 Dungeon Crawl Stone Soup version 0.30.0-30-g96aa6591b8 (webtiles) character file.

Game seed: 7780372769327208068

11 Sabo the Trooper (level 2, 24/24 HPs)
             Began as a Demonspawn Monk on June 29, 2023.
             Got out of the dungeon alive.
             The game lasted 00:03:29 (455 turns).

Sabo the Trooper (Demonspawn Monk)                   Turns: 455, Time: 00:03:30

Health: 24/24      AC:  5    Str: 17    XL:     2   Next: 17%
Magic:  2/2        EV: 11    Int: 11    God:
Gold:   29         SH:  0    Dex: 15    Spells: 1/1 levels left

rFire   . . .        a - +0 hand axe
rCold   . . .        d - orb {light}
rNeg    . . .        e - +0 ring mail
rPois   .            (no helmet)
rElec   .            (no cloak)
rCorr   .            (no gloves)
SInv    .            (no boots)
Will    .....        (no amulet)
Stlth   +            b - +6 ring of strength
HPRegen 0.24/turn    (no ring)
MPRegen 0.08/turn

%: no passive effects
@: glowing
A: demonic magic 1
a: no special abilities


You escaped.
You visited 1 branch of the dungeon, and saw 1 of its levels.

You collected 29 gold pieces.

Inventory:

Hand Weapons
 a - a +0 hand axe (weapon)
Armour
 d - an orb of light (worn)
 e - a +0 ring mail (worn)
Jewellery
 b - a +6 ring of strength (left hand)
Scrolls
 f - a scroll of identify {unknown}
Potions
 c - a potion of ambrosia


   Skills:
 + Level 3.1 Fighting
 + Level 3.0 Axes
 + Level 2.8 Dodging


You had one spell level left.
You didn't know any spells.
Your spell library was empty.

Dungeon Overview and Level Annotations

Branches:
Dungeon (1/15)

Altars:


Innate Abilities, Weirdness & Mutations

Spells you cast may paralyse adjacent enemies.


Message History

The kobold throws a stone.
The stone closely misses you.
The dart slug bites you but does no damage.
You hit the dart slug.
You kill the dart slug!
Your Axes skill increases to level 3!
You have reached level 2!
Your demonic ancestry asserts itself...
A menacing aura infuses your magic. The kobold hits you with a +0 dagger.
You slash the kobold!
You kill the kobold!
You see here a dart slug corpse.
You now have 11 gold pieces (gained 2).
Things that are here:
a +0 dagger; a stone; a kobold corpse You now have 29 gold pieces (gained 18).
Found a stone staircase leading down.
You open the door.
Found a robe.
A kobold comes into view. It is wielding a +0 short sword.
The kobold shouts!
The kobold throws a stone.
The stone barely misses you.
There is an open door here.
The kobold throws a stone.
The stone closely misses you. The kobold hits you but does no damage.
You hit the kobold but do no damage.
The kobold hits you but does no damage. x2
You hit the kobold but do no damage. The kobold hits you but does no damage.
You hit the kobold.
You kill the kobold!
Things that are here:
a +0 short sword; 4 stones; a kobold corpse You see here a giant cockroach corpse.
Things that are here:
a +0 dagger; a rat skeleton
There is a staircase leading out of the dungeon here.
You can't go down here!
Are you sure you want to leave the Dungeon?
This will make you lose the game!
Uppercase [Y]es or [N]o only, please.
Are you sure you want to leave the Dungeon?
This will make you lose the game!
You have escaped!

.#...................#######....#
.#.[.................# ######
##)........###########
##.............# .#######.......#
...............############ #####
...............#..##...##.###....
..........######....###.##.#.####
..........# #@.#####..#)#....#
..........#### #....##.#..##.##..
.............# #..##.#.#.###.####
.............########..##.###.##.
######).............######...####
#.......######......########
###..†...## ######.......##
#.........# ####......
#.........# #......


There were no monsters in sight!

Vanquished Creatures
  A dart slug (D:1)
  A giant cockroach (D:1)
  A goblin (D:1)
  A hobgoblin (D:1)
  2 bats (D:1)
  A frilled lizard (D:1)
  2 kobolds (D:1)
  A rat (D:1)
10 creatures vanquished.

Notes
Turn   | Place    | Note
-------+----------+-------------------------------------------
     0 | D:1      | Sabo the Demonspawn Monk began the quest for the Orb.
     0 | D:1      | Reached XP level 1. HP: 18/18 MP: 1/1
   290 | D:1      | Gained mutation: Spells you cast may paralyse adjacent
                  | enemies. [demonic ancestry]
   290 | D:1      | Reached XP level 2. HP: 21/24 MP: 2/2
   455 | D:$      | Got out of the dungeon alive.

Illustrated notes

Levels and vault maps discovered:
D:1:      dpeg_arrival_signposts, layout_basic

Skill      XL: |  1 |
---------------+----+-----
Axes           | 3 |  3.0
Fighting       | |  3.1
Dodging        | |  2.8

Action                     || total
---------------------------++-------
  Melee: Hand axe          ||    28
 Armour: Ring mail         ||    14
         Robe              ||     1
  Dodge: Dodged            ||    21
